 Dungeon Sprint DCSS version 0.20-a0-1116-gaa52201 (webtiles) character file.

2181 potatolord5000 the Fighter (level 9, 0/82 (83) HPs)
             Began as a Barachi Fighter on May 8, 2017.
             Was a Follower of Qazlal.
             Succumbed to a death drake's foul vapour
             ... in the Dungeon (Sprint II: "The Violet Keep of Menkaure").
             The game lasted 00:08:39 (307 turns).

potatolord5000 the Fighter (Barachi Fighter)         Turns: 307, Time: 00:08:40

HP:   0/82 (83)     AC: 14    Str: 27    XL:     9   Next: 33%
MP:   12/12         EV: 12    Int:  4    God:    Qazlal [*.....]
Gold: 114           SH:  2    Dex: 14    Spells: 8/8 levels left

rFire    . . .     SeeInvis .   h - +3 executioner's axe (flame)
rCold    . . .     Gourm    .   (shield currently unavailable)
rNeg     . . .     Faith    .   g - +0 chain mail of Ceppe {Regen+ Str+6 Int-4 Dex+2} (curse)
rPois    .         Spirit   .   (no helmet)
rElec    .         Reflect  .   (no cloak)
rCorr    .         Harm     .   d - +0 pair of gloves
MR       .....     NoTele   +   (no boots)
Stlth    ..........             (no amulet)
Regen    0.7/turn               (no ring)
MPRegen  0.2/turn               (no ring)

@: lethally poisoned (0 -> -49), slowed, very slow
A: +LOS, swims, slowness 1, strong legs 1
a: Hop, Renounce Religion


You were in the Dungeon.
You worshipped Qazlal.
Qazlal was aware of your devotion.
You were not hungry.

You visited 1 branch You collected 1053 gold pieces.
You spent 939 gold pieces at shops.

Inventory:

Hand Weapons
 h - a +3 executioner's axe of flaming (weapon)
Armour
 d - a +0 pair of gloves (worn)
 g - the cursed +0 chain mail of Ceppe (worn) {Regen+ Str+6 Int-4 Dex+2}
   (You bought it in a shop in the Dungeon)

   It affects your strength (+6).
   It affects your intelligence (-4).
   It affects your dexterity (+2).
   It increases your rate of regeneration.
   It has a curse placed upon it.
Scrolls
 k - a scroll of blinking
 l - a scroll of identify
Potions
 i - 2 potions of magic
Comestibles
 f - a bread ration


   Skills:
 + Level 12.5 Fighting
 + Level 10.7 Axes
 + Level 12.3 Armour
 + Level 5.7 Dodging
   Level 10.3 Shields
 + Level 4.1 Invocations


You had 8 spell levels left.
You didn't know any spells.

Dungeon Overview and Level Annotations

Branches:
Dungeon (1/1)

Altars:
Cheibriados
Dithmenos
Elyvilon
Fedhas
Gozag
Hepliaklqana
Kikubaaqudgha
Makhleb
Nemelex Xobeh
Okawaru
Qazlal
Ru
Sif Muna
Trog
Uskayaw
Vehumet
Wu Jian
Xom
Yredelemnul
Zin
The Shining One
Beogh
Jiyva
Lugonu

Shops:
D :[=%[*:(?(!*!}=?

Annotations:
D exclusions: oklob plant and orange crystal statue, Roxanne


Innate Abilities, Weirdness & Mutations

Shadows flee at your approach. (+LOS)
You can swim through water.
You cover ground slowly.
You can hop short distances.


Message History

The death drake breathes miasma at you. The foul vapour engulfs you!
You are more poisoned.
* * * LOW HITPOINT WARNING * * *
The death drake barely misses you.
* * * LOW HITPOINT WARNING * * *
You feel extremely sick.
The death drake bites you but does no damage.
Found a glowing spear.
You open the door.
* * * LOW HITPOINT WARNING * * *
You feel very sick. The death drake breathes miasma at you.
The foul vapour engulfs you!
You are more poisoned.
* * * LOW HITPOINT WARNING * * *
Tentacles burst out of the water!
The death drake bites you but does no damage.
A tentacle comes into view.
You die...

§▓[!?$?!$[▓▓ #.
§|▓?!!)$)%[▓▓ +.###
))▓(?$[=($(▓▓ ...#
##▓%$?!$?)%▓▓ #..#
.#▓)?)(%!??▓▓ +k.#
.#▓[??[%?"$▓▓ #..#
.#▓!)?![§($▓▓
###..##.#▓?=?)[§§§▓▓
.###...##▓▓▓▓▓▓▓@▓▓▓▓+▓
...≈≈≈≈≈≈≈≈k≈§k§§w*≈≈≈▓
...≈#)########+###.≈≈w▓
≈..≈#(†..._._#t§≈##wX≈▓
§§.÷#...._._.#§§§≈####▓
§≈≈≈#..._._._#§≈≈§§#
§≈≈≈#.._._._.#≈≈§§§§
≈≈≈≈#._._._._#≈≈§§≈≈+
##§≈#_._._._.#≈§≈≈§t#


You could see a kraken, a death drake, 3 tentacles and a swamp drake.

Vanquished Creatures
  A merfolk siren (D)
  A yaktaur (D)
  3 polar bears (D)
  A hornet (D)
  2 hippogriffs (D)
  4 necrophages (D)
  A crocodile (D)
  A scorpion (D)
  2 worms (D)
16 creatures vanquished.

Vanquished Creatures (others)
  Menkaure (D)
  A crocodile (D)
  4 tentacles (D)
6 creatures vanquished.

Grand Total: 22 creatures vanquished

Notes
Turn   | Place    | Note
-------+----------+-------------------------------------------
     0 | D        | potatolord5000 the Barachi Fighter began the quest for the Orb.
     0 | D        | Reached XP level 1. HP: 18/18 MP: 1/1
     1 | D        | Noticed a hippogriff
     1 | D        | Noticed a hippogriff
     8 | D        | Killed a hippogriff
     8 | D        | Reached skill level 5 in Axes
     8 | D        | Reached skill level 1 in Dodging
     8 | D        | Reached XP level 2. HP: 13/32 MP: 2/2
     8 | D        | Reached XP level 3. HP: 15/37 MP: 3/3
     8 | D        | Reached XP level 4. HP: 18/44 MP: 4/4
     8 | D        | Reached XP level 5. HP: 20/49 MP: 5/5
     9 | D        | Killed Menkaure
    12 | D        | Killed a hippogriff
    12 | D        | Reached XP level 6. HP: 19/58 MP: 6/6
    24 | D        | Noticed a merfolk siren
    32 | D        | Killed a merfolk siren
    32 | D        | Reached skill level 10 in Fighting
    32 | D        | Reached skill level 10 in Armour
    32 | D        | Reached XP level 7. HP: 50/67 MP: 7/7
    42 | D        | Reached skill level 10 in Shields
    42 | D        | Reached XP level 8. HP: 55/74 MP: 8/8
    94 | D        | Found Rydwal's Magic Scroll Boutique.
    94 | D        | Found Korim's Antique Armour Shop.
    94 | D        | Found Jouqudic's Antique Weapon Shop.
    94 | D        | Found Biohe's Distillery.
    94 | D        | Found Avvereje's Food Boutique.
    94 | D        | Found Ahalofoesa's Gadget Shop.
    94 | D        | Found Soomur's Book Boutique.
    95 | D        | Found Etorawk Ikhla's Magic Scroll Shop.
    95 | D        | Found Osoybiets's Distillery.
    95 | D        | Found Etoxen's Assorted Antiques.
    95 | D        | Found Dugif's General Store.
    95 | D        | Found Meant's Jewellery Shop.
    95 | D        | Found Cacs's Antique Armour Boutique.
    97 | D        | Found Yviunt's Jewellery Boutique.
    97 | D        | Found Giuxem's Antique Weapon Shop.
    97 | D        | Noticed a great orb of eyes
    98 | D        | Found Vuqugrei's Book Shoppe.
    98 | D        | Noticed an oklob plant
   101 | D        | Noticed a redback
   102 | D        | Noticed a redback
   108 | D        | Noticed a fire dragon
   113 | D        | Bought a pair of gloves for 112 gold pieces
   113 | D        | Bought a shimmering chain mail for 237 gold pieces
   128 | D        | Identified the cursed +0 chain mail of Ceppe {Regen+ Str+6 Int-4 Dex+2} (You bought it in a shop in the Dungeon)
   142 | D        | Bought a scorched whip for 187 gold pieces
   142 | D        | Bought a runed executioner's axe for 325 gold pieces
   144 | D        | Bought 2 scrolls of identify for 52 gold pieces
   144 | D        | Bought a scroll of identify for 26 gold pieces
   144 | D        | Identified the cursed +2 whip of Trog's Generosity {venom, MR+} (You bought it in a shop in the Dungeon)
   184 | D        | Noticed Roxanne
   190 | D        | Found a roughly hewn altar of Beogh.
   191 | D        | Found a snail-covered altar of Cheibriados.
   191 | D        | Found a hazy altar of Hepliaklqana.
   192 | D        | Found a shadowy altar of Dithmenos.
   192 | D        | Found a viscous altar of Jiyva.
   192 | D        | Found a stormy altar of Qazlal.
   193 | D        | Found a white marble altar of Elyvilon.
   193 | D        | Found an ancient bone altar of Kikubaaqudgha.
   193 | D        | Found a sacrificial altar of Ru.
   194 | D        | Found a corrupted altar of Lugonu.
   194 | D        | Found a blossoming altar of Fedhas.
   194 | D        | Found a deep blue altar of Sif Muna.
   194 | D        | Found an ornate altar of the Wu Jian Council.
   195 | D        | Found a burning altar of Makhleb.
   195 | D        | Found an opulent altar of Gozag.
   195 | D        | Found a bloodstained altar of Trog.
   195 | D        | Found a shimmering altar of Xom.
   196 | D        | Found a sparkling altar of Nemelex Xobeh.
   196 | D        | Found a hide-covered altar of Uskayaw.
   196 | D        | Found a basalt altar of Yredelemnul.
   196 | D        | Found a glowing golden altar of the Shining One.
   199 | D        | Found an iron altar of Okawaru.
   199 | D        | Found a radiant altar of Vehumet.
   199 | D        | Found a glowing silver altar of Zin.
   207 | D        | Noticed an orange crystal statue
   216 | D        | Became a worshipper of Qazlal Stormbringer
   221 | D        | Noticed a hornet
   221 | D        | Noticed a polar bear
   222 | D        | Noticed a polar bear
   222 | D        | Noticed a yaktaur
   223 | D        | Noticed a polar bear
   227 | D        | Killed a polar bear
   227 | D        | Reached skill level 1 in Invocations
   228 | D        | Paralysed by a hornet for 3 turns
   231 | D        | Paralysed by a hornet for 2 turns
   235 | D        | Killed a hornet
   235 | D        | Reached skill level 10 in Axes
   237 | D        | Killed a polar bear
   237 | D        | Reached * piety under Qazlal
   237 | D        | Reached XP level 9. HP: 61/82 MP: 9/11
   239 | D        | Killed a polar bear
   239 | D        | Reached skill level 5 in Dodging
   239 | D        | Killed a yaktaur
   249 | D        | Noticed a kraken
   297 | D        | Noticed a death drake
   307 | D        | Succumbed to a death drake's foul vapour

Vault maps used:
D:        the_violet_keep_of_menkaure

Skill      XL: |  1  2  3  4  5  6  7  8  9 |
---------------+----------------------------+-----
Fighting       | 7 9 10 12 | 12.5
Axes           | 5 7 8 9 10 | 10.7
Armour         | 7 8 10 12 | 12.3
Dodging        | 1 4 5 |  5.7
Shields        | 7 8 9 10 | 10.3
Invocations    | 3 4 |  4.1

Action                   |  1- 3 |  4- 6 |  7- 9 || total
-------------------------+-------+-------+-------++-------
Melee: War axe           |     5 |    15 |    12 ||    32
       Executioner's axe |       |       |    17 ||    17
 Abil: Hop               |       |       |     1 ||     1
  Use: Potion            |     2 |     1 |     2 ||     5
       Scroll            |       |       |     2 ||     2
Armor: Scale mail        |     3 |     3 |     5 ||    11
       Chain mail        |       |       |    27 ||    27
Dodge: Dodged            |     3 |       |    27 ||    30
Block: Shield            |     4 |     7 |     1 ||    12
